 Dungeon Crawl Stone Soup version 0.16.0-17-g811c1d7 (webtiles) character file.

32 maniek23 the Grasshopper (level 3, 0/33 HPs)
             Began as a Naga Warper on Mar 20, 2015.
             Succumbed to an adder's poison
             ... on level 2 of the Dungeon.
             The game lasted 00:03:57 (934 turns).

maniek23 the Grasshopper (Naga Warper)               Turns: 934, Time: 00:03:57

Health: 0/33       AC:  2    Str: 13    XL:     3   Next: 25%
Magic:  6/6        EV:  9    Int: 13    God:
Gold:   59         SH:  0    Dex: 11    Spells: 2 memorised, 3 levels left

rFire  . . .     SeeInvis +     a - +0 short sword
rCold  . . .     Clarity  .     b - +0 leather armour
rNeg   . . .     SustAb   .     (no shield)
rPois  +         Gourm    .     (no helmet)
rElec  .         Spirit   .     (no cloak)
rCorr  .         Warding  .     (no gloves)
rMut   .         Stasis   .     (no barding)
MR     .....                    (no amulet)
Stlth  +.........               (no ring)
                                (no ring)

@: lethally poisoned (0 -> -3), very slightly contaminated, invisible, very
slow, not resistant to hostile enchantments, very unstealthy
A: spit poison, see invisible, deformed body, poison resistance, slowness 2, AC
+1
a: Spit Poison


You were on level 2 of the Dungeon.
You were very full.

You visited 1 branch of the dungeon, and saw 2 of its levels.

You collected 59 gold pieces.

Inventory:

Hand weapons
 a - a +0 short sword (weapon)
Missiles
 e - 5 tomahawks of dispersal (quivered)
Armour
 b - a +0 leather armour (worn)
Scrolls
 d - a scroll of blinking
 f - a scroll of amnesia {unknown}
 h - a scroll of random uselessness {unknown}
 k - a scroll of identify {unknown}
Books
 c - a book of Spatial Translocations

   Spells                             Type                      Level
   a - Apportation                    Translocation                1
   b - Blink                          Translocation                2
   c - Shroud of Golubria             Charms/Translocation         2
   d - Portal Projectile              Translocation                3
   e - Teleport Other                 Translocation                3
   f - Passage of Golubria            Translocation                4


   Skills:
 + Level 2.3 Fighting
 + Level 2.2 Short Blades
 + Level 0.8 Throwing
 + Level 1.1 Armour
 + Level 1.9 Dodging
 + Level 2.1 Spellcasting
 + Level 0.2 Charms
 + Level 3.3 Translocations


You had 3 spell levels left.
You knew the following spells:

 Your Spells              Type           Power        Failure   Level  Hunger
a - Apportation           Tloc           #.........   12%         1    ##.....
b - Shroud of Golubria    Chrm/Tloc      #.........   28%         2    ###....


Dungeon Overview and Level Annotations

Branches:
Dungeon (2/15)

Altars:


Innate Abilities, Weirdness & Mutations

You cannot wear boots.
You can spit poison.
Your serpentine skin is tough (AC +1).
You have supernaturally acute eyesight.
Armour fits poorly on your strangely shaped body.
Your system is resistant to poisons.
You cover ground very slowly.


Message History

You see here an adder corpse.
* * * LOW HITPOINT WARNING * * *
You feel sick.
You closely miss the rat. The rat barely misses you.
You hit the rat but do no damage.
* * * LOW HITPOINT WARNING * * *
You feel sick. The rat misses you.
You hit the rat!
You kill the rat!
There is a lethal amount of poison in your body!
Drink which item? (? for menu, Esc to quit)
It was a potion of invisibility.
You fade into invisibility!
* * * LOW HITPOINT WARNING * * *
You feel sick.
You are very lightly contaminated with residual magic.
Read which item? (? for menu, Esc to quit)
Okay, then.
Unknown command.
You die...

.# .. ##.#
##..#
####...######
+.............
#...# ####†.##
#...@..#
#.###..# # .?#
..# ..# #.# .#
.#


There were no monsters in sight!

Vanquished Creatures
  An adder (D:2)
  A giant gecko (D:1)
  An ooze (D:1)
  A giant cockroach (D:1)
  5 goblins (D:1)
  5 hobgoblins (D:1)
  2 bats (D:1)
  3 kobolds (D:1)
  4 rats
23 creatures vanquished.

Notes
Turn   | Place    | Note
--------------------------------------------------------------
     0 | D:1      | maniek23, the Naga Warper, began the quest for the Orb.
     0 | D:1      | Reached XP level 1. HP: 19/19 MP: 3/3
   187 | D:1      | Reached XP level 2. HP: 21/26 MP: 4/4
   308 | D:1      | Learned a level 2 spell: Shroud of Golubria
   333 | D:1      | Reached skill level 1 in Armour
   809 | D:1      | Reached XP level 3. HP: 31/33 MP: 6/6
   931 | D:2      | HP: 1/33 [poisoned by an adder]
   934 | D:2      | Succumbed to an adder's poison

Action                   || total
-------------------------++-------
Melee: Short sword       ||    86
 Cast: Shroud of Golubri ||     2
  Use: Potion            ||     1
  Eat: Bread ration      ||     1
       Royal jelly       ||     1
